 Dungeon Crawl Stone Soup version 0.30-a0-23-ge60ba3568b (webtiles) character file.

Game seed: 6260698229905205756

8584 Newt the Skirmisher (level 11, 0/57 HPs)
             Began as a Kobold Hunter on Aug 24, 2022.
             Was a Follower of Hepliaklqana.
             Shot with an arrow by a centaur warrior (12 damage)
             ... on level 9 of the Dungeon.
             The game lasted 00:14:50 (7603 turns).

Newt the Skirmisher (Kobold Hunter)                 Turns: 7603, Time: 00:14:51

Health: 0/57       AC:  9    Str:  9    XL:     11   Next: 58%
Magic:  2/2        EV: 24    Int: 10    God:    Hepliaklqana [*.....]
Gold:   413        SH: 10    Dex: 31    Spells: 10/10 levels left

rFire   . . .      SeeInvis +    q - +0 sling (venom)
rCold   + + .      Faith    .    p - +1 buckler "Irogh" {Rampage MP-9 Dex+4}
rNeg    . . .      Spirit   .    C - +0 leather armour {rC+}
rPois   .          Reflect  .    n - +1 helmet of Optimism {rC+ Regen+ Dex+4 SInv}
rElec   .          Harm     .    k - +1 cloak
rCorr   .          Rampage  +    (no gloves)
Will    .....                    y - +0 pair of boots
Stlth   ++++......               (no amulet)
HPRegen 0.99/turn                j - +4 ring of evasion
MPRegen 0.08/turn                L - ring of see invisible

@: no status effects
A: reduced essence, small, no large weapons, nightstalker 3
a: Renounce Religion, Recall Ancestor, Ancestor Identity


You were on level 9 of the Dungeon.
You worshipped Hepliaklqana.
Hepliaklqana was aware of your devotion.
You visited 2 branches of the dungeon, and saw 10 of its levels.
You also visited: Bailey.

You collected 512 gold pieces.
You spent 99 gold pieces at shops.

Inventory:

Hand Weapons
 a - a +0 shortbow
 q - a +0 sling of venom (weapon)
 H - the +10 zealot's sword {holy, *Rage rN+ EV+3}
   (You found it in a bailey)

   It has been blessed by the Shining One to cause great damage to the undead
   and demons.
   Whenever the wielder enters a berserk rage, their allies are berserked
   alongside them.
   EV:        It affects your evasion (+3).
   rN:        It protects you from negative energy.
   *Rage:     It berserks you when you make melee attacks (+20% chance).
Missiles
 J - 4 atropa-tipped darts
Armour
 c - a +0 leather armour
 k - a +1 cloak (worn)
 n - the +1 helmet of Optimism (worn) {rC+ Regen+ Dex+4 SInv}
   (You acquired it on level 3 of the Dungeon)

   Dex:       It affects your dexterity (+4).
   rC:        It protects you from cold.
   SInv:      It lets you see invisible.
   Regen:     It increases your rate of health regeneration.
 p - the +1 buckler "Irogh" (worn) {Rampage MP-9 Dex+4}
   (You found it on level 2 of the Dungeon)

   Dex:       It affects your dexterity (+4).
   MP:        It affects your magic capacity (-9).
   Rampage:   It bestows one free step when moving towards enemies.
 u - the +2 helmet of Tartarus {rPois}
   (You found it on level 3 of the Dungeon)

   rPois:     It protects you from poison.
 y - a +0 pair of boots (worn)
 C - a +0 leather armour of cold resistance (worn)
 D - +0 steam dragon scales
 E - a +2 scale mail of fire resistance
Jewellery
 i - a ring of ice
 j - a +4 ring of evasion (left hand)
 L - a ring of see invisible (right hand)
 N - a ring of ice
 Q - a +6 ring of intelligence
Wands
 A - a wand of quicksilver (33)
 G - a wand of digging (1)
 K - a wand of paralysis (13)
Scrolls
 b - 2 scrolls of immolation
 d - 2 scrolls of silence
 l - a scroll of torment
 m - 4 scrolls of teleportation
 w - a scroll of poison
 P - a scroll of enchant armour {unknown}
 R - 2 scrolls of amnesia {unknown}
 S - a scroll of identify
Potions
 e - 2 potions of lignification
 f - 7 potions of curing
 g - 2 potions of attraction
 h - 3 potions of cancellation
 o - a potion of ambrosia
 r - 3 potions of flight
 s - a potion of berserk rage {unknown}
 t - 2 potions of degeneration
 v - 5 potions of heal wounds
 x - a potion of resistance {unknown}
 z - a potion of brilliance {unknown}
 B - 2 potions of haste {unknown}
 F - 2 potions of magic {unknown}
 I - 3 potions of invisibility {unknown}
 O - 2 potions of mutation {unknown}


   Skills:
 + Level 5.7 Fighting
 - Level 14.0 Ranged Weapons
 - Level 6.0 Armour
 - Level 6.0 Dodging
 - Level 3.0 Stealth
 - Level 6.0 Shields
 - Level 8.0 Evocations


You had 10 spell levels left.
You didn't know any spells.
Your spell library was empty.

Dungeon Overview and Level Annotations

Branches:
Dungeon (9/15)             Temple (1/1) D:7            Lair (0/5) D:8
 Bailey (visited)
    Orc: D:9-12

Altars:
Cheibriados
Dithmenos
Elyvilon
Fedhas
Gozag
Hepliaklqana
Kikubaaqudgha
Makhleb
Nemelex Xobeh
Okawaru
Qazlal
Ru
Sif Muna
Uskayaw
Wu Jian
Xom
Yredelemnul
Zin
The Shining One

Shops:
D:4 [

Annotations:
D:8 3 runed translucent doors, relicbr's ghost, novice DEFE


Innate Abilities, Weirdness & Mutations

Your life essence is reduced to manifest your ancestor. (-10% HP)
You are small and have problems with some larger weapons.
You are completely attuned to the shadows.


Message History

The boulder beetle completely misses Izel.
The centaur warrior shoots an arrow.
The arrow hits you!
Izel hits the boulder beetle but does no damage.
You shoot a sling bullet.
The sling bullet hits the boulder beetle but does no damage.
The boulder beetle looks as sick as possible!
The boulder beetle is moderately wounded.
The centaur warrior shoots an arrow.
You block the arrow.
The boulder beetle curls into a ball and begins rolling!
You shoot a sling bullet.
The sling bullet hits the boulder beetle but does no damage.
The boulder beetle looks as sick as possible!
The boulder beetle is heavily wounded.
A gnoll comes into view. It is wielding a +3 halberd.
Izel hits the boulder beetle.
The boulder beetle barely misses Izel.
The boulder beetle stops rolling and uncurls.
You shoot a sling bullet.
The sling bullet hits the boulder beetle!
The boulder beetle is severely wounded.
The centaur warrior shoots an arrow.
The arrow hits you!!
Izel hits the boulder beetle but does no damage.
The boulder beetle waves its antennae.
The boulder beetle curls into a ball and begins rolling!
The centaur warrior shoots an arrow.
The arrow hits you!
* * * LOW HITPOINT WARNING * * *
Izel hits the boulder beetle but does no damage.
The boulder beetle hits Izel!!!
Izel is destroyed!
The boulder beetle stops rolling and uncurls.
Unknown command.
The centaur warrior shoots an arrow.
You block the arrow.
The boulder beetle curls into a ball and begins rolling!
You feel a bit more experienced.
The gnoll throws a stone.
The stone misses you.
Your life force feels restored.
Your Fighting skill increases to level 5!
There is a stone staircase leading up here.
Unknown command.
The centaur warrior shoots an arrow.
The arrow hits you!
You die...

##..#.).# #####..#
§...#...###.....##
#'###...#.......#
.B.g#.....#.....#*
###u#..##.#......#
#..c'............##
###.#T............#
g...#[.)..........##
#'###[[#........@..# ******
##[.#.)..#...c.....# *,,*,**
,,.##.[#J#.#.......# ***,,,,,*
,*$#'J.#.°.#.......#***,,,,,*,*
.BJ)#......Bg.......**,,,**,,,*
.##C#.c.[.........#.,,,,,,,,,,*
*+###.<.#........##,,,,,,,,,,**
,***#...###..##...,,,,,*,,,,,*
*,,*#...###...,..,,,,,,*,,,,**


You could see a centaur warrior and a gnoll.

Vanquished Creatures
  A boulder beetle (D:9)
  A hydra (D:9)
  A two-headed ogre (Bailey)
  An ugly thing (D:8)
  Grinder (D:5)
  A hornet (D:9)
  2 wraiths
  Sigmund (D:6)
  4 spriggans (Bailey)
  7 yaks
  4 steam dragons
  Edmund (D:5)
  A water moccasin (D:4)
  Duvessa (D:6)
  3 ice beasts
  5 orc warriors
  A sky beast (D:7)
  2 black bears
  2 ogres
  2 centaurs (D:8)
  A kobold brigand (D:7)
  A gnoll sergeant (D:9)
  3 bullfrogs
  A necrophage (D:5)
  3 scorpions
  Dowan (D:6)
  3 howler monkeys (D:7)
  8 hounds
  A gnoll bouda (D:9)
  6 orc priests
  A jelly (D:8)
  Terence (D:3)
  4 iguanas
  5 orc wizards
  7 adders
  A gnoll (D:1)
  A shadow imp (D:6)
  2 white imps
  2 worms
  15 orcs
  12 ball pythons
  4 bats
  6 endoplasms
  4 giant cockroaches
  10 goblins
  2 hobgoblins (D:1)
  4 jackals (D:4)
  6 quokkas
  A frilled lizard (D:3)
  9 kobolds
  2 rats
169 creatures vanquished.

Vanquished Creatures (collateral kills)
  A water moccasin (D:8)
  An orc warrior (D:8)
  A killer bee (D:9)
  2 orc wizards (D:8)
  4 orcs (D:8)
9 creatures vanquished.

Vanquished Creatures (others)
  A wight (D:9)
  5 ancestors
  A kobold (D:7)
  6 fungi (D:8)
  9 plants (D:8)
22 creatures vanquished.

Grand Total: 200 creatures vanquished

Notes
Turn   | Place    | Note
-------+----------+-------------------------------------------
     0 | D:1      | Newt the Kobold Hunter began the quest for the Orb.
     0 | D:1      | Reached XP level 1. HP: 12/12 MP: 1/1
    57 | D:1      | Found a faded altar of an unknown god.
   154 | D:1      | Reached XP level 2. HP: 17/17 MP: 2/2
   715 | D:1      | Reached XP level 3. HP: 21/21 MP: 3/3
   729 | D:1      | Reached skill level 6 in Ranged Weapons
  1256 | D:2      | Reached XP level 4. HP: 26/26 MP: 4/4
  1274 | D:2      | Identified the +1 buckler "Irogh" {Rampage MP-9 Dex+4}
  2136 | D:3      | Reached skill level 7 in Ranged Weapons
  2380 | D:3      | Identified the +2 helmet of Tartarus {rPois}
  2449 | D:3      | Reached skill level 1 in Shields
  2569 | D:3      | Identified a scroll of acquirement
  2569 | D:3      | Acquired the +1 helmet of Optimism {rC+ Regen+ Dex+4 SInv}
  2736 | D:3      | Noticed Terence
  2753 | D:3      | Killed Terence
  2754 | D:3      | Reached XP level 5. HP: 22/30 MP: 0/5
  3183 | D:4      | Found Meiv's Antique Armour Emporium.
  3188 | D:4      | Bought a pair of boots for 99 gold pieces
  3222 | D:4      | Noticed a water moccasin
  3233 | D:4      | Killed a water moccasin
  3234 | D:4      | Reached XP level 6. HP: 25/35 MP: 0/6
  3356 | D:4      | Reached XP level 7. HP: 26/40 MP: 0/7
  3539 | D:4      | Reached skill level 8 in Ranged Weapons
  3840 | D:5      | Entered Level 5 of the Dungeon
  3898 | D:5      | Noticed Edmund
  3912 | D:5      | Killed Edmund
  3913 | D:5      | Reached skill level 9 in Ranged Weapons
  3988 | D:5      | Reached XP level 8. HP: 43/44 MP: 0/8
  4019 | D:5      | Reached skill level 5 in Dodging
  4460 | D:6      | Noticed Sigmund
  4463 | D:6      | Noticed Grinder
  4464 | D:6      | Killed Sigmund
  4467 | D:6      | Noticed a yak
  4467 | D:6      | Noticed a yak
  4486 | D:5      | Killed Grinder
  4488 | D:5      | Killed a yak
  4489 | D:5      | Reached skill level 5 in Evocations
  4489 | D:5      | Reached XP level 9. HP: 31/52 MP: 0/9
  4524 | D:5      | Reached skill level 5 in Shields
  4705 | D:6      | Reached skill level 10 in Ranged Weapons
  4769 | D:6      | Found a hide-covered altar of Uskayaw.
  4919 | D:6      | Noticed Dowan
  4921 | D:6      | Noticed Duvessa
  4930 | D:6      | Killed Dowan
  4944 | D:6      | Killed Duvessa
  5164 | D:7      | Reached skill level 11 in Ranged Weapons
  5177 | D:7      | Reached XP level 10. HP: 54/56 MP: 1/10
  5271 | D:7      | Reached skill level 12 in Ranged Weapons
  5275 | D:7      | Found a staircase to the Ecumenical Temple.
  5359 | Temple   | Entered the Ecumenical Temple
  5488 | Temple   | Became a worshipper of Hepliaklqana the Forgotten
  5520 | D:7      | Reached skill level 1 in Armour
  5580 | D:7      | Found a sacrificial altar of Ru.
  5743 | D:7      | You fall into a shaft and drop 2 floors!
  5816 | D:9      | Found a flagged portal.
  5840 | Bailey   | Entered a bailey
  5984 | Bailey   | Found the +10 zealot's sword {holy, *Rage rN+ EV+3}
  5984 | Bailey   | Noticed a two-headed ogre
  6000 | Bailey   | Killed a two-headed ogre
  6001 | Bailey   | Reached skill level 5 in Armour
  6133 | D:8      | Reached * piety under Hepliaklqana
  6250 | D:8      | Noticed a red ugly thing
  6258 | D:8      | Killed a red ugly thing
  6259 | D:8      | Reached XP level 11. HP: 54/54 MP: 2/11
  6330 | D:8      | Found a staircase to the Lair.
  6394 | D:8      | Found a basalt altar of Yredelemnul.
  6615 | D:8      | Found a runed translucent gate.
  6615 | D:8      | Found a runed translucent gate.
  6616 | D:8      | Found a runed translucent gate.
  6970 | D:8      | Noticed relicbr's ghost (novice DEFE)
  7291 | D:9      | Reached skill level 13 in Ranged Weapons
  7332 | D:9      | Noticed a five-headed hydra
  7349 | D:9      | Killed a five-headed hydra
  7384 | D:9      | Reached skill level 14 in Ranged Weapons
  7405 | D:9      | Noticed a brown ugly thing
  7411 | D:9      | Noticed a centaur warrior
  7418 | D:9      | HP: 1/52 [troll (11)]
  7418 | D:9      | Noticed a boulder beetle
  7531 | D:9      | Noticed a cyclops
  7536 | D:9      | Noticed a boulder beetle
  7602 | D:9      | Killed a boulder beetle
  7603 | D:9      | Reached skill level 5 in Fighting
  7603 | D:9      | Shot with an arrow by a centaur warrior

Illustrated notes

Levels and vault maps discovered:
D:1:      evilmike_arrival_hilbert_curve, layout_basic,
          shapermc_ecumenical_altar_venn, grunt_decor_cap, minivault_19,
          st_stairs_12, minmay_misc_feat_cross
D:2:      wander_river, layout_basic, small_statue_intersection
D:3:      layout_basic, minmay_statues_item, uniq_terence
D:4:      layout_loops_ring, serial_shops, shop_fountains
D:5:      layout_cave_pools, nrook_loot_triangle, uniq_edmund
D:6:      layout_cave_pools, mainiacjoe_overflow_six_doors_small, uniq_duvessa,
          uniq_sigmund, uniq_grinder
D:7:      layout_cave_pools, mainiacjoe_overflow_small_starburst,
          minmay_temple_entry_sparse_star
D:8:      layout_rooms, mainiacjoe_overflow_concentric_impassable,
          grunt_lair_entry_orc_guard_hut, biasface_ghost_orc_armoury,
          nicolae_kite_square_tiling_tiny, minmay_orc_keep
D:9:      minmay_the_grid_square_5x5_4x4
          [minmay_the_grid_square_5x5_beaten_path,
          minmay_the_grid_square_5x5_inverted_slash,
          minmay_the_grid_square_5x5_doubleslash,
          minmay_the_grid_square_5x5_longway, minmay_the_grid_square_5x5_two,
          minmay_the_grid_square_5x5_prize_snowflake,
          minmay_the_grid_square_5x5_prize_pseudospiral,
          minmay_the_grid_square_5x5_shuriken, minmay_the_grid_square_5x5_fat_x,
          minmay_the_grid_square_5x5_prize_monsterx,
          minmay_the_grid_square_5x5_prize_junk,
          minmay_the_grid_square_5x5_minibox,
          minmay_the_grid_square_5x5_three_small,
          minmay_the_grid_square_5x5_minimal,
          minmay_the_grid_square_5x5_tri_point,
          minmay_the_grid_square_5x5_pentomino_r], layout_cave_pools,
          mainiacjoe_overflow_boulevard, enter_bailey_1
Temple:   lightli_temple_of_artemis

Skill      XL: |  1  2  3  4  5  6  7  8  9 10 11 |
---------------+----------------------------------+-----
Stealth        | 2 3 |  3.0
Ranged Weapons | 6 7 9 11 12 14 | 14.0
Shields        | 1 3 4 6 |  6.0
Dodging        | 4 6 |  6.0
Fighting       | 4 5 |  5.7
Evocations     | 5 7 8 |  8.0
Armour         | 6 |  6.0

Action                   |  1- 3 |  4- 6 |  7- 9 | 10-12 || total
-------------------------+-------+-------+-------+-------++-------
 Fire: Shortbow          |    54 |     8 |       |       ||    62
       Sling             |       |   117 |   189 |   339 ||   645
Evoke: Wand              |       |       |       |     1 ||     1
  Use: Scroll            |     1 |     9 |     2 |     8 ||    20
Armor: Leather armour    |     4 |    15 |    13 |    24 ||    56
Dodge: Dodged            |    17 |    54 |    71 |   158 ||   300
Block: Buckler           |       |    36 |    49 |   106 ||   191

Table legend: (Time is in decaauts)
 A = Elapsed time spent in this place.
 B = Non-inter-level travel time spent in this place.
 C = Inter-level travel time spent in this place.
 D = Time resting spent in this place.
 E = Time spent auto-exploring this place.
 F = Levels seen in this place.
 G = Mean time per level.
                   A        B        C        D        E       F      G
               +--------+--------+--------+--------+--------+-----+--------+
         Total |   7668 |   7276 |    392 |    187 |   5760 |  11 |  697.1 |
       Dungeon |   7250 |   6889 |    361 |    159 |   5530 |   9 |  805.6 |
        Temple |    143 |    113 |     30 |      0 |    106 |   1 |  143.0 |
        Bailey |    273 |    273 |      0 |     28 |    123 |   1 |  273.0 |
               +--------+--------+--------+--------+--------+-----+--------+

Top non-repeatable levels by time:
     D:3: 1079 daAuts
     D:1: 1063 daAuts
     D:2: 1063 daAuts
     D:8: 1018 daAuts
     D:5: 708 daAuts
     D:4: 698 daAuts
     D:7: 664 daAuts
     D:6: 605 daAuts
     D:9: 348 daAuts
  Bailey: 273 daAuts
  Temple: 143 daAuts
